 Dungeon Sprint DCSS version 0.19.5 (webtiles) character file.

54 equalderp2856 the Summoner (level 3, -8/14 HPs)
             Began as a Felid Summoner on Mar 8, 2017.
             Mangled by a warg (9 damage)
             ... in the Dungeon (Sprint VII: "The Pits").
             The game lasted 00:02:49 (614 turns).

equalderp2856 the Summoner (Felid Summoner)          Turns: 614, Time: 00:02:50

Health: -8/14      AC:  1    Str:  4    XL:     3   Next: 66%
Magic:  8/8        EV: 19    Int: 16    God:
Gold:   0          SH:  0    Dex: 17    Spells: 1 memorised, 7 levels left
                                        Lives:  0   Deaths: 1

rFire  . . .     SeeInvis +       - Unarmed
rCold  . . .     Gourm    .     (armour unavailable)
rNeg   . . .     Faith    .     (shield unavailable)
rPois  .         Spirit   .     (helmet unavailable)
rElec  .         Reflect  .     (cloak unavailable)
rCorr  .         Harm     .     (gloves unavailable)
MR     .....     NoTele   +     (boots unavailable)
Stlth  ++++......               (no amulet)
                                (no ring)
                                (no ring)

@: quick
A: no armour, no weapons or thrown items, stealth, claws 1, fangs 3, see
invisible, carnivore 3, speed 1, shaggy fur 1, slow metabolism 1, sharp paws
a: no special abilities


You were in the Dungeon.
You were not hungry.

You visited 1 branch

Inventory:

Scrolls
 h - a scroll of blinking
 j - 3 scrolls of remove curse
 k - 5 scrolls of amnesia
 l - a scroll of summoning
Potions
 c - 5 potions of curing
 d - 6 potions of heal wounds
 e - a potion of haste
 f - 4 potions of magic
 g - 3 potions of berserk rage
 i - 2 potions of invisibility
Books
 a - a book of Callings

   Spells                             Type                      Level
   a - Summon Small Mammal            Summoning                    1
   b - Call Imp                       Summoning                    2
   c - Call Canine Familiar           Summoning                    3
   d - Summon Guardian Golem          Hexes/Summoning              3
   e - Summon Lightning Spire         Summoning/Air                4
   f - Summon Ice Beast               Ice/Summoning                4
Comestibles
 b - 8 meat rations


   Skills:
 + Level 4.0 Dodging
 + Level 5.4 Stealth
 + Level 2.5 Unarmed Combat
 + Level 3.0 Spellcasting
 + Level 8.4 Summonings


You had 7 spell levels left.
You knew the following spells:

 Your Spells              Type           Power        Failure   Level  Hunger
a - Summon Small Mammal   Summ           ####         1%          1    #......


Dungeon Overview and Level Annotations

Branches:
Dungeon (1/1)

Altars:
Ashenzari
Cheibriados
Dithmenos
Elyvilon
Fedhas
Gozag
Hepliaklqana
Kikubaaqudgha
Makhleb
Nemelex Xobeh
Okawaru
Qazlal
Ru
Sif Muna
Trog
Uskayaw
Vehumet
Xom
Yredelemnul
Zin
The Shining One
Beogh
Jiyva
Lugonu


Innate Abilities, Weirdness & Mutations

You cannot wear armour.
You are incapable of wielding weapons or throwing items.
Your paws allow you to move quietly. (Stealth)
You have sharp claws.
You have razor-sharp teeth.
You have supernaturally acute eyesight. (SInv)
You are carnivorous and can eat meat at any time.
You cover ground quickly.
You are covered in fur. (AC +1)
You have a slow metabolism.
Your sharp claws are effective at attacking unaware monsters.


Message History

The deep elf mage blinks!
The warg pauses to sniff the ground.
You scratch the deep elf mage but do no damage.
The deep elf mage is lightly wounded.
Your bat barely misses the deep elf mage.
Your bat hits the deep elf mage but does no damage.
Your quokka bites the deep elf mage.
The deep elf mage hits you with a rapier.
* * * LOW HITPOINT WARNING * * *
You barely miss the deep elf mage.
The deep elf mage is lightly wounded.
Your bat hits the deep elf mage but does no damage.
Your quokka bites the deep elf mage.
The deep elf mage mumbles some strange words.
You scratch the deep elf mage but do no damage.
Your bite misses the deep elf mage.
The deep elf mage is lightly wounded.
Your bat closely misses the soul eater.
The warg bites you!
Ouch! That really hurt!
You die...

#..# #..# #..# #..# #..#
#§.# #..#+##############..#
#######....................#
_____##..........b.........#
_____###########'3##########
####'###########r'######
)))#.##.........@e.....#
)))'b##......#.h#r.....#
####r##......o.........+
..obh†r................+
#'#####......#..#......#
#.#[[##................#
#.#))#####'#####++######
'.#))##.......#
###))##.......#


You could see a soul eater, a deep elf mage, a warg, an orc, 2 friendly quokkas
and a friendly bat.

Vanquished Creatures
  A floating eye (D)
  A leopard gecko (D)
  An orc (D)
  A goblin (D)
  A ball python (D)
  A ball python skeleton (D)
  A frilled lizard (D)
7 creatures vanquished.

Vanquished Creatures (collateral kills)
  An adder skeleton (D)
1 creature vanquished.

Grand Total: 8 creatures vanquished

Notes
Turn   | Place    | Note
-------+----------+-------------------------------------------
     0 | D        | equalderp2856 the Felid Summoner began the quest for the Orb.
     0 | D        | Reached XP level 1. HP: 7/7 MP: 4/4
   154 | D        | Found a radiant altar of Vehumet.
   154 | D        | Found a hide-covered altar of Uskayaw.
   154 | D        | Found an ancient bone altar of Kikubaaqudgha.
   154 | D        | Found a viscous altar of Jiyva.
   154 | D        | Found a hazy altar of Hepliaklqana.
   155 | D        | Found a bloodstained altar of Trog.
   155 | D        | Found a deep blue altar of Sif Muna.
   155 | D        | Found a sacrificial altar of Ru.
   155 | D        | Found a stormy altar of Qazlal.
   155 | D        | Found an iron altar of Okawaru.
   155 | D        | Found a sparkling altar of Nemelex Xobeh.
   155 | D        | Found an opulent altar of Gozag.
   155 | D        | Found a blossoming altar of Fedhas.
   155 | D        | Found a white marble altar of Elyvilon.
   155 | D        | Found a shadowy altar of Dithmenos.
   155 | D        | Found a snail-covered altar of Cheibriados.
   156 | D        | Found a glowing golden altar of the Shining One.
   156 | D        | Found a glowing silver altar of Zin.
   158 | D        | Found a roughly hewn altar of Beogh.
   158 | D        | Found a burning altar of Makhleb.
   158 | D        | Found a basalt altar of Yredelemnul.
   159 | D        | Found a shattered altar of Ashenzari.
   159 | D        | Found a corrupted altar of Lugonu.
   159 | D        | Found a shimmering altar of Xom.
   207 | D        | Noticed a floating eye
   211 | D        | Paralysed by a floating eye for 2 turns
   218 | D        | Killed a floating eye
   218 | D        | Reached skill level 5 in Stealth
   218 | D        | Reached skill level 8 in Summonings
   218 | D        | Reached XP level 2. HP: 11/11 MP: 5/7
   218 | D        | Reached XP level 3. HP: 14/14 MP: 5/8
   218 | D        | Reached XP level 4. HP: 18/18 MP: 5/9
   275 | D        | Noticed a deep elf mage
   344 | D        | Noticed an ice devil
   378 | D        | Noticed a red devil
   420 | D        | Noticed a redback
   426 | D        | Noticed a red devil
   426 | D        | Noticed a jumping spider
   569 | D        | Noticed a warg
   570 | D        | Noticed a deep elf mage
   573 | D        | Noticed a deep elf mage
   598 | D        | Slain by a warg
   599 | D        | Reached XP level 3. HP: -1/14 MP: 5/8
   614 | D        | Noticed a soul eater
   614 | D        | Mangled by a warg

Skill      XL: |  1 |
---------------+----+-----
Dodging        | 4 |  4.0
Stealth        | 5 |  5.4
Unarmed Combat | 2 |  2.5
Spellcasting   | 3 |  3.0
Summonings     | 8 |  8.4

Action                   |  1- 3 |  4- 6 || total
-------------------------+-------+-------++-------
Melee: Unarmed           |    16 |    14 ||    30
       Bite              |     2 |     1 ||     3
 Cast: Summon Small Mamm |       |    25 ||    25
  Use: Potion            |       |     1 ||     1
 Stab: Sleeping          |     1 |       ||     1
Dodge: Dodged            |     3 |    20 ||    23
